 Dungeon Crawl Stone Soup version 0.32-a0-306-gfed3edf829 (webtiles) character file.

Game seed: 12988389078767137065

18131 cforsyth the Fighter (level 12, -1/101 HPs)
             Began as a Djinni Ice Elementalist on Feb 15, 2024.
             Slain by an azure jelly (8 damage)
             ... in an ice cave.
             The game lasted 00:38:00 (14928 turns).

cforsyth the Fighter (Djinni Ice Elementalist)     Turns: 14928, Time: 00:38:00

Health: -1/101     AC:  8    Str:  7    XL:     12   Next: 91%
Gold:   816        EV: 12    Int: 26    God:
                   SH:  5    Dex: 16

rFire   + + +        a - staff of fire {!a}
rCold   + . .        (no shield)
rNeg    . . .        q - +2 robe {rC+}
rPois   ∞            h - +0 helmet
rElec   +            u - +1 cloak {Will+}
rCorr   +            d - +0 pair of gloves
SInv    +            (boots unavailable)
Will    ++...        w - amulet of reflection
Stlth   ++           v - ring of see invisible
HPRegen 0.36/turn    I - +6 ring of intelligence
MPRegen 0.00/turn

%: reflection, infuse magic (-2 HP)
@: resistant, flying
A: sickness immunity, fire resistance 2, cold vulnerability 1, float, innate
caster, HP casting, extra vitality 1
a: no special abilities


You were in an ice cave.
You visited 1 branch of the dungeon, and saw 12 of its levels.
You also visited: Ossuary, Bailey and Ice Cave.

You collected 816 gold pieces.


Innate Abilities, Weirdness & Mutations

You are immune to sickness and miasma.
You are immune to poison.
Your flesh is very heat resistant. (rF++)
You are vulnerable to cold. (rC-)
You float through the air rather than walking.
You learn spells naturally, not from books.
Your magical power is your life essence.
You have superior vitality. (+4 MHP)


   Skills:
 + Level 14.5 Fighting
 - Level 2.1 Dodging
 - Level 1.5 Stealth
 + Level 11.7 Spellcasting
 + Level 11.7 Conjurations
 + Level 11.7 Hexes
 + Level 11.7 Summonings
 + Level 11.7 Necromancy
 + Level 11.7 Translocations
 + Level 11.7 Fire Magic
 + Level 11.7 Ice Magic
 + Level 11.7 Air Magic
 + Level 11.7 Earth Magic
 + Level 11.7 Alchemy


You knew the following spells:

 Your Spells              Type           Power      Damage    Failure   Level
b - Summon Ice Beast      Ice/Summ       66%        N/A       1%          3
f - Freeze                Ice            100%       1d10      1%          1
o - Ozocubu's Armour      Ice            66%        N/A       1%          3
p - Petrify               Alch/Erth      66%        N/A       1%          4
r - Frozen Ramparts       Ice            100%       1d16      1%          3
x - Foxfire               Conj/Fire      100%       2x1d9     1%          1
X - Scorch                Fire           100%       2d9       1%          2
Y - Volatile Blastmotes   Fire/Tloc      100%       2d18      1%          3
Z - Arcjolt               Conj/Air       33%        1d43      1%          5
Your spell library was empty.

Inventory:

Armour
 d - a +0 pair of gloves (worn)
 h - a +0 helmet (worn)
 q - a +2 robe of cold resistance (worn)
 u - a +1 cloak of willpower (worn)
Magical Staves
 a - a staff of fire (weapon) {!a}
Jewellery
 l - the ring "Yvior" {Will+++ rCorr Int-4 Slay+4}
   (You acquired it on level 7 of the Dungeon)

   [ring of slaying]

   Int-4:     It affects your intelligence (-4).
   Slay+4:    It affects your accuracy & damage with ranged weapons and melee
   (+4).
   Will+++:   It greatly increases your willpower.
   rCorr:     It protects you from acid and corrosion.
 v - a ring of see invisible (left hand)
 w - an amulet of reflection (around neck)
 D - a +6 ring of dexterity
 F - a ring of fire
 G - an amulet of the acrobat
 I - a +6 ring of intelligence (right hand)
 Z - a ring of wizardry
Wands
 y - a wand of flame (14)
 C - a wand of light (1)
 O - a wand of mindburst (13)
Scrolls
 g - 4 scrolls of vulnerability
 m - 3 scrolls of fear
 n - 2 scrolls of poison {unknown}
 p - 2 scrolls of enchant weapon
 s - 3 scrolls of brand weapon
 t - 5 scrolls of fog
 x - 5 scrolls of teleportation {@r2}
 E - a scroll of blinking {unknown}
 J - 5 scrolls of noise
 K - 2 scrolls of enchant armour {unknown}
 L - 2 scrolls of butterflies {unknown}
 P - a scroll of acquirement
Potions
 b - 4 potions of berserk rage {!q}
 e - 9 potions of heal wounds {@q2}
 i - 3 potions of cancellation
 j - 8 potions of curing {@q1}
 r - 2 potions of might
 z - a potion of attraction
 A - 2 potions of brilliance
 B - 2 potions of lignification

Dungeon Overview and Level Annotations

Branches:
Dungeon (12/15)            Temple (0/1) D:4            Lair (0/5) D:8
    Orc (0/2) D:11        Ossuary (visited)          Bailey (visited)
  IceCv (1/1)

Altars:
Ashenzari
Fedhas
Makhleb
Qazlal
Ru
Trog
Uskayaw
The Shining One
Lugonu

Shops:
D:3 [

Portals:
Abyss: D:4

Annotations:
D:12 Nessos IceCv exclusion: ice statue

########### ######
##.........### ###.....#
.............# ##........
....###.....####@J...#...
..####.....###...Y.#.....
.## #......#.........⚑.#.
..####.............#.....
.....##########......#...
.......##########........
##...........######.....
##...............######
###########.......###


You could see an azure jelly (combustible, ally target) and a friendly ice beast
(summoned).


Message History

You feel a surge of power!
You conjure some foxfire!
The azure jelly barely misses your ice beast. x2
The azure jelly hits your ice beast. x2
Your foxfire dissipates!
The foxfire hits the azure jelly but does no damage.
The azure jelly is lightly wounded.
Your ice beast barely misses the azure jelly.
Casting: Foxfire (safe; 1% risk of failure)
Confirm with . or Enter, or press ? or * to list all spells.
You feel a surge of power!
Flames lash the azure jelly.
The azure jelly is burned terribly!
The azure jelly is lightly wounded.
The azure jelly's fire resistance burns away.
The azure jelly hits you. The azure jelly freezes you!!
The azure jelly hits you. The azure jelly freezes you!!
* * * LOW HITPOINT WARNING * * *
The azure jelly hits you but does no damage.
The azure jelly hits you.
* * * LOW HITPOINT WARNING * * *
Unknown command.
Okay, then.
You feel protected. The azure jelly hits you.
* * * LOW HITPOINT WARNING * * *
The azure jelly freezes you!! You resist.
* * * LOW HITPOINT WARNING * * *
You block the azure jelly's attack.
The azure jelly hits you but does no damage.
The azure jelly hits you!
You die...

Skill      XL: |  1  2  3  4  5  6  7  8  9 10 11 12 |
---------------+-------------------------------------+-----
Fighting       | 1 2 3 4 5 7 9 11 13 14 | 14.5
Spellcasting   | 4 5 6 7 9 10 11 | 11.7
Conjurations   | 4 5 6 7 9 10 11 | 11.7
Hexes          | 4 5 6 7 9 10 11 | 11.7
Summonings     | 4 5 6 7 9 10 11 | 11.7
Necromancy     | 4 5 6 7 9 10 11 | 11.7
Translocations | 4 5 6 7 9 10 11 | 11.7
Fire Magic     | 4 5 6 7 9 10 11 | 11.7
Ice Magic      | 4 5 6 7 9 10 11 | 11.7
Air Magic      | 4 5 6 7 9 10 11 | 11.7
Earth Magic    | 4 5 6 7 9 10 11 | 11.7
Alchemy        | 4 5 6 7 9 10 11 | 11.7
Dodging        | |  2.1
Stealth        | |  1.5

Action                     |  1- 3 |  4- 6 |  7- 9 | 10-12 || total
---------------------------+-------+-------+-------+-------++-------
  Melee: Unarmed           |     5 |     3 |     2 |     4 ||    14
   Cast: Freeze            |    19 |       |       |       ||    19
         Foxfire           |    24 |   173 |   377 |   600 ||  1174
         Scorch            |       |       |    35 |   154 ||   189
         Summon Ice Beast  |       |       |     2 |    36 ||    38
         Frozen Ramparts   |       |       |     1 |    17 ||    18
  Evoke: Wand              |       |       |       |     2 ||     2
    Use: Potion            |       |       |     1 |     6 ||     7
         Scroll            |       |       |     5 |    20 ||    25
   Stab: Distracted        |     1 |       |       |       ||     1
 Armour: Robe              |    17 |     7 |    32 |    95 ||   151
  Dodge: Dodged            |     7 |    16 |    26 |    68 ||   117
  Block: Other             |       |       |     4 |    23 ||    27
         Reflection        |       |       |     1 |     1 ||     2

Levels and vault maps discovered:
D:1:      dpeg_arrival_ternary, layout_loops_ring
D:2:      kb_forest_paths, layout_basic, uniq_terence
D:3:      layout_loops_ring, nzn_overflow_gifts_of_might_and_magic,
          serial_shops, nicolae_shop_overgrown_old_shop, corner_web_ring,
          kennysheep_jessica_study
D:4:      lemuel_castle_with_subvaults [lemuel_castle_interior_carwin_3],
          layout_loops_ring, grunt_temple_overflow_growth_and_decay,
          temple_hall, amcnicky_altar_lugonu_corruption, uniq_robin
D:5:      layout_loops_ring, chequers_serial_rivers_micro_d
D:6:      layout_loops_ring, serial_glass, glass_columns_a, glass_columns_a,
          uniq_duvessa
D:7:      layout_rooms, chequers_temple_overflow_minitemple,
          nicolae_ossuary_entry_monument, grunt_tough_drop
D:8:      kennysheep_blocky_hall, layout_basic, lair_entry_dummy
D:9:      lemuel_slime, layout_stronghold, serial_glass, glass_columns_b,
          glass_columns_a, enter_bailey_4
D:10:     layout_loops_ring, lemuel_tele_altar, hangedman_decor_diamond_cutter
D:11:     layout_small_grid, hiddenorc1_lemuel, uniq_sonja
D:12:     layout_cave_pods, portal_ice_cave_entry_pillars_1, uniq_nessos
IceCv:    ice_cave_hellmonk_azure_passage

Notes
Turn   | Place    | Note
-------+----------+-------------------------------------------
     0 | D:1      | cforsyth the Djinni Ice Elementalist began the quest for
                  | the Orb.
     0 | D:1      | cforsyth set off with the following spells memorised:
                  | Freeze, Frozen Ramparts, Ozocubu's Armour, Summon Ice
                  | Beast.
     0 | D:1      | Reached XP level 1. HP: 15/15 MP: 0/0
    79 | D:1      | Reached XP level 2. HP: 14/22 MP: 0/0
    88 | D:1      | Reached skill level 1 in Fighting
   323 | D:1      | Reached XP level 3. HP: 22/27 MP: 0/0
   323 | D:1      | Learned a level 1 spell: Foxfire
   503 | D:1      | You are sucked into a shaft and drop 1 floor!
   520 | D:2      | Reached skill level 2 in Fighting
   520 | D:2      | Reached skill level 4 in Spellcasting
   520 | D:2      | Reached skill level 4 in Conjurations
   520 | D:2      | Reached skill level 4 in Hexes
   520 | D:2      | Reached skill level 4 in Summonings
   520 | D:2      | Reached skill level 4 in Necromancy
   520 | D:2      | Reached skill level 4 in Translocations
   520 | D:2      | Reached skill level 4 in Fire Magic
   520 | D:2      | Reached skill level 4 in Ice Magic
   520 | D:2      | Reached skill level 4 in Air Magic
   520 | D:2      | Reached skill level 4 in Earth Magic
   520 | D:2      | Reached skill level 4 in Alchemy
   547 | D:2      | Noticed Terence
   556 | D:2      | Killed Terence
   557 | D:2      | Reached XP level 4. HP: 22/34 MP: 0/0
  1204 | D:2      | Reached XP level 5. HP: 36/40 MP: 0/0
  1204 | D:2      | Learned a level 2 spell: Scorch
  1317 | D:2      | Reached skill level 3 in Fighting
  2212 | D:3      | Reached XP level 6. HP: 41/47 MP: 0/0
  2428 | D:3      | Reached skill level 4 in Fighting
  2447 | D:3      | Found a bloodstained altar of Trog.
  2615 | D:3      | Found Piryig's Antique Armour Emporium.
  2921 | D:3      | Noticed Jessica
  2924 | D:3      | Killed Jessica
  2925 | D:3      | Reached skill level 5 in Spellcasting
  2925 | D:3      | Reached skill level 5 in Conjurations
  2925 | D:3      | Reached skill level 5 in Hexes
  2925 | D:3      | Reached skill level 5 in Summonings
  2925 | D:3      | Reached skill level 5 in Necromancy
  2925 | D:3      | Reached skill level 5 in Translocations
  2925 | D:3      | Reached skill level 5 in Fire Magic
  2925 | D:3      | Reached skill level 5 in Ice Magic
  2925 | D:3      | Reached skill level 5 in Air Magic
  2925 | D:3      | Reached skill level 5 in Earth Magic
  2925 | D:3      | Reached skill level 5 in Alchemy
  3046 | D:4      | Reached XP level 7. HP: 49/53 MP: 0/0
  3046 | D:4      | Learned a level 3 spell: Volatile Blastmotes
  3187 | D:4      | Reached skill level 5 in Fighting
  3264 | D:4      | Found a one-way gate to the infinite horrors of the Abyss.
  3437 | D:4      | Found a corrupted altar of Lugonu.
  3833 | D:4      | Reached XP level 8. HP: 56/61 MP: 0/0
  3945 | D:4      | Reached skill level 6 in Fighting
  4262 | D:4      | Reached skill level 6 in Spellcasting
  4262 | D:4      | Reached skill level 6 in Conjurations
  4262 | D:4      | Reached skill level 6 in Hexes
  4262 | D:4      | Reached skill level 6 in Summonings
  4262 | D:4      | Reached skill level 6 in Necromancy
  4262 | D:4      | Reached skill level 6 in Translocations
  4262 | D:4      | Reached skill level 6 in Fire Magic
  4262 | D:4      | Reached skill level 6 in Ice Magic
  4262 | D:4      | Reached skill level 6 in Air Magic
  4262 | D:4      | Reached skill level 6 in Earth Magic
  4262 | D:4      | Reached skill level 6 in Alchemy
  4505 | D:4      | Found a blossoming altar of Fedhas.
  4651 | D:4      | Found a staircase to the Ecumenical Temple.
  4997 | D:4      | Reached skill level 7 in Fighting
  5227 | D:5      | Entered Level 5 of the Dungeon
  5501 | D:5      | Reached XP level 9. HP: 63/68 MP: 0/0
  5501 | D:5      | Learned a level 4 spell: Petrify
  5756 | D:5      | Reached skill level 7 in Spellcasting
  5756 | D:5      | Reached skill level 7 in Conjurations
  5756 | D:5      | Reached skill level 7 in Hexes
  5756 | D:5      | Reached skill level 7 in Summonings
  5756 | D:5      | Reached skill level 7 in Necromancy
  5756 | D:5      | Reached skill level 7 in Translocations
  5756 | D:5      | Reached skill level 7 in Fire Magic
  5756 | D:5      | Reached skill level 7 in Ice Magic
  5756 | D:5      | Reached skill level 7 in Air Magic
  5756 | D:5      | Reached skill level 7 in Earth Magic
  5756 | D:5      | Reached skill level 7 in Alchemy
  5817 | D:5      | Reached skill level 8 in Fighting
  6929 | D:6      | Noticed Duvessa
  6929 | D:6      | Noticed Dowan
  7068 | D:6      | Killed Duvessa
  7069 | D:6      | Reached skill level 9 in Fighting
  7075 | D:5      | Killed Dowan
  7373 | D:7      | Identified the +2 robe of Remat {*Slow rElec Will+ Dex+2}
  7391 | D:7      | Reached XP level 10. HP: 55/78 MP: 0/0
  7394 | D:7      | Reached skill level 8 in Spellcasting
  7394 | D:7      | Reached skill level 8 in Conjurations
  7394 | D:7      | Reached skill level 8 in Hexes
  7394 | D:7      | Reached skill level 8 in Summonings
  7394 | D:7      | Reached skill level 8 in Necromancy
  7394 | D:7      | Reached skill level 8 in Translocations
  7394 | D:7      | Reached skill level 8 in Fire Magic
  7394 | D:7      | Reached skill level 8 in Ice Magic
  7394 | D:7      | Reached skill level 8 in Air Magic
  7394 | D:7      | Reached skill level 8 in Earth Magic
  7394 | D:7      | Reached skill level 8 in Alchemy
  7402 | D:7      | Identified a scroll of acquirement
  7402 | D:7      | Acquired the ring "Yvior" {Will+++ rCorr Int-4 Slay+4}
  7406 | D:7      | Found a sand-covered staircase.
  7512 | Ossuary  | Entered an ossuary
  7855 | Ossuary  | Reached skill level 10 in Fighting
  8696 | D:7      | Found a broken altar of Ashenzari.
  8696 | D:7      | Found a glowing golden altar of the Shining One.
  8705 | D:7      | Found a stormy altar of Qazlal.
  8707 | D:7      | Found a burning altar of Makhleb.
  8709 | D:7      | Found a hide-covered altar of Uskayaw.
  9258 | D:8      | Found a staircase to the Lair.
  9387 | D:8      | Reached skill level 9 in Spellcasting
  9387 | D:8      | Reached skill level 9 in Conjurations
  9387 | D:8      | Reached skill level 9 in Hexes
  9387 | D:8      | Reached skill level 9 in Summonings
  9387 | D:8      | Reached skill level 9 in Necromancy
  9387 | D:8      | Reached skill level 9 in Translocations
  9387 | D:8      | Reached skill level 9 in Fire Magic
  9387 | D:8      | Reached skill level 9 in Ice Magic
  9387 | D:8      | Reached skill level 9 in Air Magic
  9387 | D:8      | Reached skill level 9 in Earth Magic
  9387 | D:8      | Reached skill level 9 in Alchemy
  9834 | D:9      | Reached skill level 11 in Fighting
  9859 | D:9      | Found a flagged portal.
  9892 | Bailey   | Entered a bailey
  9900 | Bailey   | Noticed an orc warlord
 10151 | Bailey   | Found a runed translucent gate.
 10154 | Bailey   | Found a runed translucent gate.
 10155 | Bailey   | Found a runed translucent gate.
 10443 | Bailey   | Killed an orc warlord
 10444 | Bailey   | Reached XP level 11. HP: 56/88 MP: 0/0
 10444 | Bailey   | Learned a level 5 spell: Arcjolt
 10585 | Bailey   | Identified the +0 ring mail of Ribem {MP+9 Str-4 Int+9
                  | Stlth-}
 10711 | D:9      | Reached skill level 12 in Fighting
 10997 | D:9      | Reached skill level 10 in Spellcasting
 10997 | D:9      | Reached skill level 10 in Conjurations
 10997 | D:9      | Reached skill level 10 in Hexes
 10997 | D:9      | Reached skill level 10 in Summonings
 10997 | D:9      | Reached skill level 10 in Necromancy
 10997 | D:9      | Reached skill level 10 in Translocations
 10997 | D:9      | Reached skill level 10 in Fire Magic
 10997 | D:9      | Reached skill level 10 in Ice Magic
 10997 | D:9      | Reached skill level 10 in Air Magic
 10997 | D:9      | Reached skill level 10 in Earth Magic
 10997 | D:9      | Reached skill level 10 in Alchemy
 11278 | D:9      | Noticed a green ugly thing
 11288 | D:9      | Killed a green ugly thing
 11571 | D:9      | Noticed an oklob plant
 11657 | D:9      | Killed an oklob plant
 11847 | D:10     | Entered Level 10 of the Dungeon
 12261 | D:10     | Found a sacrificial altar of Ru.
 12337 | D:10     | Reached skill level 13 in Fighting
 12525 | D:10     | Reached XP level 12. HP: 90/98 MP: 0/0
 12941 | D:11     | Noticed a boulder beetle
 13025 | D:11     | Identified the +3 scale mail "Tunwu" {rElec Int+2}
 13148 | D:11     | Found a staircase to the Orcish Mines.
 13352 | D:11     | Reached skill level 11 in Spellcasting
 13352 | D:11     | Reached skill level 11 in Conjurations
 13352 | D:11     | Reached skill level 11 in Hexes
 13352 | D:11     | Reached skill level 11 in Summonings
 13352 | D:11     | Reached skill level 11 in Necromancy
 13352 | D:11     | Reached skill level 11 in Translocations
 13352 | D:11     | Reached skill level 11 in Fire Magic
 13352 | D:11     | Reached skill level 11 in Ice Magic
 13352 | D:11     | Reached skill level 11 in Air Magic
 13352 | D:11     | Reached skill level 11 in Earth Magic
 13352 | D:11     | Reached skill level 11 in Alchemy
 13565 | D:11     | Noticed Sonja
 13584 | D:11     | Killed Sonja
 13942 | D:11     | Identified a potion of resistance
 13960 | D:12     | Found a frozen archway.
 13966 | D:12     | Noticed Nessos
 13970 | IceCv    | Entered an ice cave
 14316 | IceCv    | Noticed a quicksilver ooze
 14329 | IceCv    | Killed a quicksilver ooze
 14330 | IceCv    | Reached skill level 14 in Fighting
 14592 | IceCv    | Noticed a quicksilver ooze
 14604 | IceCv    | Killed a quicksilver ooze
 14741 | IceCv    | Noticed an azure jelly
 14755 | IceCv    | Killed an azure jelly
 14918 | IceCv    | Found a viscous altar of Jiyva.
 14921 | IceCv    | Noticed an azure jelly
 14928 | IceCv    | HP: 7/101 [azure jelly (18)]
 14928 | IceCv    | Slain by an azure jelly

Vanquished Creatures
  An azure jelly (IceCv)
  A quicksilver ooze (IceCv)
  An orc warlord (Bailey)
  Sonja (D:11)
  An oklob plant (D:9)
  An ugly thing (D:9)
  A troll (D:9)
  8 slime creatures (IceCv)
  20 yaks
  A shadow (D:11)
  2 wyverns
  3 steam dragons
  2 vampire mosquitoes (D:11)
  A great orb of eyes simulacrum (IceCv)
  Duvessa (D:6)
  2 black bears
  6 orc warriors
  3 ice beasts
  3 sky beasts
  A centaur (D:7)
  2 ogres (D:6)
  3 slime creature simulacra (IceCv)
  A phantom (D:5)
  A kobold brigand (D:9)
  A gnoll sergeant (D:4)
  A scorpion (D:6)
  2 bullfrogs
  2 glowing shapeshifter simulacra (IceCv)
  10 wights
  Dowan (D:5)
  3 killer bees (D:10)
  8 howler monkeys
  2 bombardier beetles
  7 bullfrog zombies (Ossuary)
  6 hounds
  10 jellies
  11 orc priests
  3 gnoll boudas
  Jessica (D:3)
  3 iguanas
  Terence (D:2)
  18 orc wizards
  3 shapeshifter simulacra (IceCv)
  4 crocodile zombies (Ossuary)
  6 hound zombies (Ossuary)
  6 mummies (Ossuary)
  5 adders
  28 gnolls
  3 shadow imps
  A white imp (D:3)
  A dart slug (D:3)
  70 orcs
  4 bats
  25 endoplasms
  6 giant cockroaches
  15 goblins
  16 hobgoblins
  24 jackals
  4 quokkas
  5 ball pythons
  2 ball python zombies (Ossuary)
  5 frilled lizards
  26 kobolds
  6 rats
422 creatures vanquished.

Vanquished Creatures (collateral kills)
  A quicksilver ooze (IceCv)
  A gargoyle (D:10)
  2 slime creatures (IceCv)
  3 yaks
  An acid dragon (D:10)
  An ogre (D:7)
  A kobold brigand (D:10)
  A wight (D:9)
  An orc priest (D:6)
  An iguana (D:6)
  A gnoll (D:7)
  5 orcs
  2 foxfires
21 creatures vanquished.

Vanquished Creatures (others)
  1304 foxfires
  A lurking horror (D:4)
1305 creatures vanquished.

Grand Total: 1748 creatures vanquished

Table legend: (Time is in decaauts)
 A = Elapsed time spent in this place.
 B = Non-inter-level travel time spent in this place.
 C = Inter-level travel time spent in this place.
 D = Time resting spent in this place.
 E = Time spent auto-exploring this place.
 F = Levels seen in this place.
 G = Mean time per level.
                   A        B        C        D        E       F      G
               +--------+--------+--------+--------+--------+-----+--------+
         Total |  14905 |  14539 |    366 |    360 |  11198 |  15 |  993.7 |
       Dungeon |  12475 |  12109 |    366 |    288 |   9470 |  12 | 1039.6 |
       Ossuary |    789 |    789 |      0 |      0 |    625 |   1 |  789.0 |
        Bailey |    701 |    701 |      0 |      6 |    451 |   1 |  701.0 |
      Ice Cave |    938 |    938 |      0 |     66 |    652 |   1 |  938.0 |
               +--------+--------+--------+--------+--------+-----+--------+

Top non-repeatable levels by time:
     D:4: 2090 daAuts
     D:9: 1317 daAuts
     D:3: 1108 daAuts
     D:6: 1103 daAuts
    D:11: 1082 daAuts
     D:2: 1034 daAuts
     D:5: 1030 daAuts
    D:10: 1022 daAuts
     D:1: 993 daAuts
   IceCv: 938 daAuts
     D:8: 923 daAuts
 Ossuary: 789 daAuts
     D:7: 751 daAuts
  Bailey: 701 daAuts
    D:12: 16 daAuts

Table legend:
 A = Non-vault XP
 B = Vault XP
 C = Vault XP percentage of total XP
 D = Non-vault monster count
 E = Vault monster count
 F = Vault count percentage of total count
                 A         B        C        D         E       F
            +---------+---------+-------+---------+---------+-------
      Total |   13865 |   12037 |  46.5 |     256 |     185 |  42.0
            +---------+---------+-------+---------+---------+-------
        D:1 |      78 |       0 |   0.0 |      30 |       0 |   0.0
        D:2 |      57 |      67 |  54.0 |      21 |       7 |  25.0
        D:3 |     265 |      52 |  16.4 |      32 |       3 |   8.6
        D:4 |     567 |     664 |  53.9 |      26 |      52 |  66.7
        D:5 |     731 |      73 |   9.1 |      16 |       1 |   5.9
        D:6 |     942 |     148 |  13.6 |      19 |       1 |   5.0
        D:7 |    1418 |     337 |  19.2 |      21 |       6 |  22.2
        D:8 |     427 |     453 |  51.5 |      19 |       4 |  17.4
        D:9 |    3673 |     874 |  19.2 |      33 |      23 |  41.1
       D:10 |    3369 |       0 |   0.0 |      29 |       0 |   0.0
       D:11 |    1419 |    1184 |  45.5 |       7 |      18 |  72.0
    Ossuary |       0 |     758 | 100.0 |       0 |      25 | 100.0
     Bailey |       0 |    1623 | 100.0 |       0 |      26 | 100.0
      IceCv |     919 |    5804 |  86.3 |       3 |      19 |  86.4
            +---------+---------+-------+---------+---------+-------
